 Dungeon Crawl Stone Soup version 0.31-a0-675-g238779eb0a (webtiles) character file.

Game seed: 671929349284506804

417 qw the Shooter (level 6, -10/39 HPs)
             Began as a Gargoyle Hunter on Sept 5, 2023.
             Mangled by a wyvern (12 damage)
             ... on level 4 of the Dungeon.
             The game lasted 00:01:09 (2414 turns).

qw the Shooter (Gargoyle Hunter)                    Turns: 2414, Time: 00:01:10

Health: -10/39     AC: 11    Str: 15    XL:     6   Next: 93%
Magic:  6/6        EV: 11    Int:  9    God:
Gold:   184        SH:  0    Dex: 15    Spells: 5/5 levels left

rFire   . . .        Y - +0 shortbow
rCold   . . .        (shield currently unavailable)
rNeg    + . .        f - +0 ring mail
rPois   inf          j - +0 helmet
rElec   +            (no cloak)
rCorr   .            h - +0 pair of gloves
SInv    .            (no boots)
Will    .....        (no amulet)
Stlth   +            (no ring)
HPRegen 0.26/turn    (no ring)
MPRegen 0.10/turn

%: no passive effects
@: no status effects
A: sickness immunity, AC +4, negative energy resistance 1, electricity
resistance, torment resistance 1, petrification resistance
a: no special abilities


You were on level 4 of the Dungeon.
You visited 1 branch of the dungeon, and saw 4 of its levels.

You collected 184 gold pieces.


Innate Abilities, Weirdness & Mutations

You are immune to sickness and miasma.
Your stone body is resilient. (AC +4)
You are immune to poison.
You resist negative energy. (rN+)
You are resistant to electric shocks. (rElec)
You are resistant to unholy torment.
You are immune to petrification.


   Skills:
 - Level 4.4 Fighting
 - Level 7.0 Ranged Weapons
 + Level 1.5 Armour
 - Level 1.5 Dodging
 - Level 1.1 Stealth


You had 5 spell levels left.
You didn't know any spells.
Your spell library was empty.

Inventory:

Hand Weapons
 Y - a +0 shortbow (weapon)
Armour
 f - a +0 ring mail (worn)
 h - a +0 pair of gloves (worn)
 j - a +0 helmet (worn)
Jewellery
 l - a ring of fire
Scrolls
 d - a scroll of identify
 m - a scroll of teleportation
Potions
 a - a potion of curing
 b - a potion of cancellation {unknown}
 c - a potion of resistance {unknown}
 e - a potion of heal wounds
 g - a potion of mutation {unknown}
 i - a potion of degeneration {unknown}
 k - a potion of might {unknown}

Dungeon Overview and Level Annotations

Branches:
Dungeon (4/15)
 Temple: D:4-7

Altars:
Ru

Annotations:
D:2 1 runed translucent door, Crazy Yiuf


Message History

The arrow hits the quokka but does no damage.
You shoot an arrow. The arrow hits the quokka!
You kill the quokka!
You open the door.
Found 6 stones.
There is an open door here.
A wyvern comes into view.
You shoot an arrow. The wyvern hisses angrily.
The arrow hits the wyvern!
The wyvern is moderately wounded.
You shoot an arrow. The arrow hits the wyvern.
The wyvern is heavily wounded.
You shoot an arrow. The arrow closely misses the wyvern.
You shoot an arrow. The arrow hits the wyvern.
The wyvern is severely wounded.
The wyvern bites you!
You shoot an arrow.
The arrow hits the wyvern but does no damage.
The wyvern is severely wounded.
The wyvern bites you.
The wyvern bites you but does no damage.
You shoot an arrow. The arrow hits the wyvern!
The wyvern is almost dead.
The wyvern barely misses you.
The wyvern bites you but does no damage.
You shoot an arrow. The arrow barely misses the wyvern.
The wyvern bites you! The wyvern bites you.
You shoot an arrow.
The arrow hits the wyvern but does no damage.
The wyvern is almost dead.
The wyvern closely misses you.
You shoot an arrow.
The arrow hits the wyvern but does no damage.
The wyvern is almost dead.
The wyvern closely misses you.
The wyvern bites you but does no damage.
You shoot an arrow. The arrow closely misses the wyvern.
The wyvern bites you! x2
You die...

#.%.#.%.#.+..
#.......#.####
###._.#####
#.......###
#...#...#.#
#...#...#.#
+#######'.#
#.....l######.#
#.#...(@.......#
##.###########
##


You could see a wyvern.

Vanquished Creatures
  Sigmund (D:2)
  A scorpion (D:4)
  A hound (D:4)
  A sleepcap (D:4)
  Robin (D:3)
  4 adders
  A worm (D:3)
  7 orcs (D:3)
  4 bats
  5 endoplasms
  3 giant cockroaches
  11 goblins
  6 hobgoblins
  6 jackals
  2 quokkas
  6 ball pythons
  4 frilled lizards
  10 kobolds
  3 rats
77 creatures vanquished.

Notes
Turn   | Place    | Note
-------+----------+-------------------------------------------
     0 | D:1      | qw the Gargoyle Hunter began the quest for the Orb.
     0 | D:1      | Reached XP level 1. HP: 12/12 MP: 1/1
     0 | D:1      | 0 ||| qw: Version: 0.3-a-75-g829b12e
     0 | D:1      | 0 ||| qw: Game counter: 154
     0 | D:1      | 0 ||| qw: Melee chars always use a shield: true
     0 | D:1      | 0 ||| qw: God list: Okawaru
     0 | D:1      | 0 ||| qw: Allow faded altars: false
     0 | D:1      | 0 ||| qw: Do Orc after clearing Dungeon:15 true
     0 | D:1      | 0 ||| qw: Do second Lair branch before Depths: true
     0 | D:1      | 0 ||| qw: Lair rune preference: random
     0 | D:1      | 0 ||| qw: Goals: Normal
     0 | D:1      | 0 ||| PLANNING D:1-11
   148 | D:1      | Reached XP level 2. HP: 17/17 MP: 2/2
   538 | D:1      | 538 ||| UPGRADING to +0 ring mail.
   548 | D:1      | 548 ||| DROPPING +0 leather armour.
   549 | D:1      | 549 ||| UPGRADING to +0 pair of gloves.
   554 | D:1      | 554 ||| DROPPING ring of wizardry.
   555 | D:1      | 555 ||| READING scroll labelled XIHODOAWNY.
   556 | D:1      | 556 ||| READING scroll labelled LEEPAR TAARIJ.
   559 | D:1      | 559 ||| READING scroll labelled MELIR LINI.
   560 | D:1      | 560 ||| DRINKING 2 glowing cyan potions.
   561 | D:1      | 561 ||| DROPPING scroll of butterflies.
   595 | D:2      | Reached skill level 1 in Armour
   598 | D:2      | Reached XP level 3. HP: 17/21 MP: 3/3
   625 | D:2      | Noticed Sigmund
   628 | D:2      | 628 ||| FLEEEEING.
   636 | D:2      | HP: 4/21 [Sigmund/+0 scythe (9)]
   637 | D:2      | 637 ||| DRINKING potion of heal wounds.
   644 | D:2      | Killed Sigmund
   645 | D:2      | Reached skill level 6 in Ranged Weapons
   645 | D:2      | Reached XP level 4. HP: 13/26 MP: 4/4
   645 | D:2      | Reached XP level 5. HP: 15/30 MP: 5/5
   728 | D:2      | Found a faded altar of an unknown god.
   788 | D:2      | Found a runed translucent door.
   789 | D:2      | Noticed Crazy Yiuf
  1078 | D:2      | 1078 ||| READING scroll labelled QUTAIW KEOTOCS.
  1079 | D:2      | 1079 ||| READING scroll labelled NASHRUM FABI.
  1080 | D:2      | 1080 ||| DRINKING 2 purple potions.
  1081 | D:2      | 1081 ||| DROPPING potion of brilliance.
  1154 | D:3      | Reached XP level 6. HP: 36/36 MP: 6/6
  1243 | D:3      | Reached skill level 3 in Fighting
  1573 | D:3      | HP: 9/37 [orc/+0 hand axe (3)]
  1574 | D:3      | 1574 ||| DRINKING 2 potions of heal wounds.
  1655 | D:3      | Noticed Robin
  1666 | D:3      | Killed Robin
  1993 | D:3      | 1993 ||| UPGRADING to +0 helmet.
  1998 | D:3      | 1998 ||| READING 2 scrolls labelled GUJURGH NUME.
  2099 | D:3      | 2099 ||| READING 2 scrolls labelled ILO HUNKOJOE.
  2100 | D:3      | 2100 ||| DRINKING 2 yellow potions.
  2101 | D:3      | 2101 ||| DROPPING scroll of silence.
  2223 | D:4      | Reached skill level 7 in Ranged Weapons
  2378 | D:4      | Found a sacrificial altar of Ru.
  2404 | D:4      | Noticed a wyvern
  2414 | D:4      | HP: 2/39 [wyvern (13)]
  2414 | D:4      | Mangled by a wyvern

Levels and vault maps discovered:
D:1:      psy_arrival_dodecagon, layout_basic
D:2:      layout_rooms, shapermc_ecumenical_altar_mp_highgroup,
          uniq_crazy_yiuf_cottage, uniq_sigmund
D:3:      layout_basic, minmay_misc_feat_diagonals, uniq_robin
D:4:      layout_loops_corners, nicolae_ru_great_annihilating_truth,
          marbit_many_paths, nicolae_gozag_seed_capital, uniq_menkaure,
          uniq_duvessa

Skill      XL: |  1  2  3  4  5  6 |
---------------+-------------------+-----
Armour         | 1 |  1.5
Ranged Weapons | 6 7 |  7.0
Fighting       | 4 |  4.4
Dodging        | |  1.5
Stealth        | |  1.1

Action                     |  1- 3 |  4- 6 || total
---------------------------+-------+-------++-------
   Fire: Shortbow          |    74 |   229 ||   303
    Use: Scroll            |     3 |     4 ||     7
         Potion            |     2 |     3 ||     5
 Armour: Leather armour    |    15 |       ||    15
         Ring mail         |    25 |   110 ||   135
  Dodge: Dodged            |    28 |    96 ||   124

Table legend:
 A = Non-vault XP
 B = Vault XP
 C = Vault XP percentage of total XP
 D = Non-vault monster count
 E = Vault monster count
 F = Vault count percentage of total count
                 A         B        C        D         E       F
            +---------+---------+-------+---------+---------+-------
      Total |     327 |     270 |  45.2 |      65 |      12 |  15.6
            +---------+---------+-------+---------+---------+-------
        D:1 |      20 |       0 |   0.0 |      12 |       0 |   0.0
        D:2 |      41 |     239 |  85.4 |      17 |       1 |   5.6
        D:3 |      84 |      26 |  23.6 |      24 |       7 |  22.6
        D:4 |     182 |       5 |   2.7 |      12 |       4 |  25.0
            +---------+---------+-------+---------+---------+-------
